 Dungeon Crawl Stone Soup version 0.28-a0-577-gb193047a1f (webtiles) character file.

Game seed: 1537374472851268792

6267 Demosthentine the Spear-Bearer (level 10, -1/83 HPs)
             Began as a Merfolk Gladiator on Oct 1, 2021.
             Was a Believer of the Shining One.
             Slain by a killer bee (2 damage)
             ... while petrified by a basilisk
             ... on level 8 of the Dungeon.
             The game lasted 00:09:27 (10447 turns).

Demosthentine the Spear-Bearer (Merfolk Gladiator) Turns: 10447, Time: 00:09:28

Health: -1/83      AC: 10    Str: 17      XL:     10   Next: 94%
Magic:  0/21       EV:  2    Int: 11 (13) God:    the Shining One [**....]
Gold:   334        SH:  0    Dex: 16 (17) Spells: 9/9 levels left

rFire   . . .      SeeInvis .   a - +1 trident
rCold   . . .      Faith    .   (no shield)
rNeg    + + +      Spirit   +   l - +2 leather armour {rPois}
rPois   ∞          Reflect  .   c - +0 helmet
rElec   .          Harm     .   k - +1 cloak
rCorr   .          Rampage  .   z - +0 pair of gloves
Will    .....                   (no boots)
Stlth   +.........              u - amulet of guardian spirit
HPRegen 0.23/turn               i - ring of magical power
MPRegen 0.17/turn               j - +6 ring of intelligence

@: petrified, glowing, studying Staves
A: (nimble swimmer 2), mertail
a: Renounce Religion, Divine Shield


You were on level 8 of the Dungeon.
You worshipped the Shining One.
The Shining One was pleased with you.
You visited 2 branches of the dungeon, and saw 9 of its levels.
You also visited: Sewer.

You collected 334 gold pieces.

Inventory:

Hand Weapons
 a - a +1 trident (weapon)
 p - the +10 quarterstaff of Honesty {vorpal, rN+ Str+3}
   (You found it on level 4 of the Dungeon)

   It inflicts extra damage upon your enemies.
   Str:       It affects your strength (+3).
   rN:        It protects you from negative energy.
Missiles
 d - a throwing net (quivered)
Armour
 c - a +0 helmet (worn)
 k - a +1 cloak (worn)
 l - a +2 leather armour of poison resistance (worn)
 z - a +0 pair of gloves (worn)
Jewellery
 i - a ring of magical power (left hand)
 j - a +6 ring of intelligence (right hand)
 u - an amulet of guardian spirit (around neck)
Wands
 x - a wand of flame (14)
Scrolls
 g - a scroll of magic mapping
 m - 3 scrolls of fear
 n - a scroll of identify
 q - 5 scrolls of amnesia
 t - 3 scrolls of enchant armour
 w - a scroll of fog
Potions
 b - a potion of lignification
 e - a potion of mutation
 f - 2 potions of cancellation
 h - 3 potions of curing
 o - 3 potions of attraction
 r - a potion of brilliance
 s - a potion of resistance {unknown}
 v - a potion of might {unknown}


   Skills:
 + Level 9.2 Fighting
 + Level 12.2 Polearms
 - Level 2.0 Throwing
 - Level 5.6 Armour
 + Level 11.3 Dodging
 + Level 3.0 Invocations


You had 9 spell levels left.
You didn't know any spells.
Your spell library contained the following spells:

 Spells                   Type           Power      Damage    Failure   Level
 Animate Skeleton         Necr           0%         N/A       38%         1
 Pain                     Necr           0%         1d4       38%         1
 Summon Small Mammal      Summ           0%         N/A       38%         1
 Ensorcelled Hibernation  Hex/Ice        0%         N/A       54%         2
 Slow                     Hex            0%         N/A       54%         2
 Call Canine Familiar     Summ           0%         N/A       77%         3
 Confusing Touch          Hex            0%         N/A       77%         3
 Frozen Ramparts          Ice            0%         1d2       77%         3
 Summon Guardian Golem    Hex/Summ       0%         N/A       77%         3
 Tukima's Dance           Hex            0%         N/A       77%         3
 Vampiric Draining        Necr           0%         2d6       77%         3
 Ice Form                 Ice/Tmut       0%         N/A       99%         4
 Summon Ice Beast         Ice/Summ       0%         N/A       99%         4


Dungeon Overview and Level Annotations

Branches:
Dungeon (8/15)             Temple (1/1) D:4           Sewer (visited)
   Lair: D:8-11

Altars:
Ashenzari
Cheibriados
Dithmenos
Elyvilon
Fedhas
Hepliaklqana
Kikubaaqudgha
Makhleb
Nemelex Xobeh
Okawaru
Qazlal
Ru
Sif Muna
Trog
Uskayaw
Vehumet
Wu Jian
Xom
Yredelemnul
Zin
The Shining One

Shops:
D:3 [

Annotations:
D:7 4 runed translucent doors


Innate Abilities, Weirdness & Mutations

((You are quick and stealthy near water. (Stealth+, EV+, Speed+++)))
Your lower body shifts to a powerful aquatic tail in water.


Message History

You have turned to stone.
The killer bee stings you but does no damage.
The basilisk bites you.
* * * LOW HITPOINT WARNING * * *
The killer bee stings you.
The killer bee stings you but does no damage.
The basilisk bites you!
* * * LOW HITPOINT WARNING * * *
The killer bee stings you.
* * * LOW HITPOINT WARNING * * *
The killer bee stings you but does no damage.
The basilisk gazes at you. The killer bee stings you.
* * * LOW HITPOINT WARNING * * *
The killer bee stings you. The basilisk bites you. The killer bee stings you.
* * * LOW HITPOINT WARNING * * *
The killer bee stings you but does no damage.
The basilisk bites you!
* * * LOW HITPOINT WARNING * * *
The killer bee stings you but does no damage.
The killer bee stings you. The basilisk gazes at you.
The killer bee stings you.
* * * LOW HITPOINT WARNING * * *
The killer bee stings you.
* * * LOW HITPOINT WARNING * * *
The basilisk bites you but does no damage.
The killer bee stings you.
* * * LOW HITPOINT WARNING * * *
The killer bee stings you.
* * * LOW HITPOINT WARNING * * *
The basilisk bites you but does no damage.
The killer bee barely misses you. The killer bee stings you.
* * * LOW HITPOINT WARNING * * *
The basilisk gazes at you. You resist with some effort.
The killer bee stings you.
* * * LOW HITPOINT WARNING * * *
The killer bee stings you!
You die...

.### #...# # .....##
####### ....KKK#######
#.##... #..KKKD.....##
####..###
#####Ky......###....##
#.#l###.........## #
#y@##########.# ####
###


You could see a basilisk, a steam dragon, a kobold brigand, 2 killer bees and 6
kobolds.

Vanquished Creatures
  A two-headed ogre (D:5)
  The ghost of MisterAzrael the Ruffian, a novice TrMo of Ignis (D:5)
  Sigmund (D:4)
  A wraith (D:8)
  A basilisk (D:8)
  12 yaks
  A steam dragon (D:8)
  An acid dragon (D:8)
  3 water moccasins
  4 orc warriors
  5 ogres
  A necrophage (D:4)
  2 centaurs
  A phantom (D:6)
  A kobold brigand (D:6)
  2 bullfrogs (D:7)
  5 scorpions
  5 killer bees (D:7)
  2 centaur zombies
  6 hounds
  3 orc priests
  2 jellies (D:6)
  3 iguanas (D:5)
  2 orc wizards (D:8)
  A howler monkey zombie (D:7)
  7 adders
  6 worms
  A dart slug (D:3)
  22 orcs
  5 ball pythons
  3 endoplasms
  2 giant cockroaches
  7 goblins
  8 hobgoblins
  4 jackals (D:1)
  4 quokkas
  11 bats
  3 frilled lizards
  7 kobolds
  8 rats
165 creatures vanquished.

Vanquished Creatures (others)
  3 plants (D:4)
3 creatures vanquished.

Grand Total: 168 creatures vanquished

Notes
Turn   | Place    | Note
-------+----------+-------------------------------------------
     0 | D:1      | Demosthentine the Merfolk Gladiator began the quest for the
                  | Orb.
     0 | D:1      | Reached XP level 1. HP: 16/16 MP: 1/1
   250 | D:1      | Reached XP level 2. HP: 23/23 MP: 2/2
   798 | D:1      | Found a faded altar of an unknown god.
   978 | D:2      | Reached XP level 3. HP: 17/28 MP: 3/3
  1154 | D:2      | Reached skill level 5 in Polearms
  1220 | D:2      | Reached skill level 1 in Armour
  1754 | D:1      | Reached XP level 4. HP: 6/35 MP: 4/4
  2573 | D:2      | Reached skill level 5 in Dodging
  2829 | D:3      | Found Okoehyla's Antique Armour Shop.
  2844 | D:3      | Reached XP level 5. HP: 28/41 MP: 5/5
  2899 | D:3      | Noticed an ogre
  2908 | D:3      | Killed an ogre
  3027 | D:3      | Reached skill level 6 in Polearms
  3091 | D:3      | Found a glowing drain.
  3117 | Sewer    | Entered a sewer
  3171 | Sewer    | Noticed a water moccasin
  3180 | Sewer    | Killed a water moccasin
  3181 | Sewer    | Reached XP level 6. HP: 19/48 MP: 6/6
  3627 | D:3      | Found a snail-covered altar of Cheibriados.
  3778 | D:4      | Identified the +10 quarterstaff of Honesty {vorpal, rN+
                  | Str+3}
  3846 | D:4      | Reached XP level 7. HP: 55/55 MP: 7/7
  4103 | D:4      | Found a staircase to the Ecumenical Temple.
  4144 | D:4      | Reached skill level 7 in Polearms
  4159 | Temple   | Entered the Ecumenical Temple
  4284 | Temple   | Became a worshipper of the Shining One
  4376 | D:4      | Noticed Sigmund
  4395 | D:4      | Killed Sigmund
  4404 | D:4      | Reached skill level 5 in Fighting
  4742 | D:4      | Reached XP level 8. HP: 62/62 MP: 8/8
  5023 | D:5      | Entered Level 5 of the Dungeon
  5123 | D:5      | Reached skill level 8 in Polearms
  5184 | D:5      | Found a blossoming altar of Fedhas.
  5437 | D:5      | Noticed a two-headed ogre
  5485 | D:5      | Killed a two-headed ogre
  5486 | D:5      | Reached skill level 9 in Polearms
  5486 | D:5      | Reached XP level 9. HP: 32/71 MP: 9/9
  5507 | D:4      | HP: 1/71 [orc warrior (17)]
  5508 | D:4      | The Shining One protects you from harm!
  5959 | D:5      | Found a runed translucent door.
  5960 | D:5      | Noticed MisterAzrael's ghost (novice TrMo)
  6231 | D:5      | Found a hazy altar of Hepliaklqana.
  6339 | D:5      | Killed MisterAzrael's ghost
  6340 | D:5      | Reached skill level 10 in Polearms
  6671 | D:6      | Reached skill level 5 in Armour
  7067 | D:6      | Reached XP level 10. HP: 58/80 MP: 10/10
  7073 | D:6      | Reached skill level 11 in Polearms
  7073 | D:6      | Reached skill level 10 in Dodging
  7546 | D:6      | Reached * piety under the Shining One
  8187 | D:7      | Reached skill level 1 in Invocations
  8294 | D:7      | Found a huge runed translucent gate.
  8294 | D:7      | Found a huge runed translucent gate.
  8294 | D:7      | Found a huge runed translucent gate.
  8294 | D:7      | Noticed a death yak
  8294 | D:7      | Noticed a manticore
  8295 | D:7      | Found a huge runed translucent gate.
  8879 | D:7      | Found a white marble altar of Elyvilon.
  8880 | D:7      | Found a sparkling altar of Nemelex Xobeh.
  8881 | D:7      | Found a bloodstained altar of Trog.
  8882 | D:7      | Found a shimmering altar of Xom.
  9768 | D:8      | Reached skill level 12 in Polearms
 10059 | D:8      | Reached ** piety under the Shining One
 10445 | D:8      | HP: 4/83 [killer bee (2)]
 10446 | D:8      | HP: 1/83 [killer bee (2)]
 10447 | D:8      | Slain by a killer bee

Illustrated notes

Levels and vault maps discovered:
D:1:      beargit_arrival_diablo_church, layout_loops_ring,
          shapermc_ecumenical_altar_ellora
D:2:      layout_basic, kennysheep_decorative_pillar
D:3:      layout_basic, mainiacjoe_overflow_small_starburst,
          cheibrodos_sewer_entry_bend, serial_shops,
          nicolae_shop_overgrown_old_shop
D:4:      layout_loops_ring, minmay_temple_entry_gardened_gates,
          minmay_misc_feat_four_crosses, uniq_sigmund
D:5:      layout_rooms, mainiacjoe_overflow_paths,
          nicolae_hepliaklqana_hippocampus, gammafunk_ghost_grave,
          minmay_manual_moon
D:6:      layout_loops_ring
D:7:      lemuel_bear_cage, layout_loops_cross, mainiacjoe_overflow_alcove_3
D:8:      layout_loops_ring, erik_lair_dragon
Temple:   zaba_magenta_temple

Skill      XL: |  1  2  3  4  5  6  7  8  9 10 |
---------------+-------------------------------+-----
Polearms       | 5 6 7 9 10 12 | 12.2
Armour         | 1 2 3 4 5 |  5.6
Fighting       | 3 4 5 6 7 9 |  9.2
Dodging        | 5 6 8 9 11 | 11.3
Invocations    | 3 |  3.0
Throwing       | |  2.0

Action                   |  1- 3 |  4- 6 |  7- 9 | 10-12 || total
-------------------------+-------+-------+-------+-------++-------
Melee: Trident           |   103 |   109 |   306 |   348 ||   866
Throw: Throwing net      |       |     2 |     3 |       ||     5
  Use: Scroll            |     3 |     6 |     1 |     5 ||    15
       Potion            |       |       |     3 |     2 ||     5
 Stab: Sleeping          |     1 |     4 |     1 |       ||     6
       Held in net/web   |       |     2 |       |       ||     2
Armor: Leather armour    |     9 |    31 |    39 |    79 ||   158
Dodge: Dodged            |    57 |    84 |   165 |   245 ||   551

Table legend: (Time is in decaauts)
 A = Elapsed time spent in this place.
 B = Non-inter-level travel time spent in this place.
 C = Inter-level travel time spent in this place.
 D = Time resting spent in this place.
 E = Time spent auto-exploring this place.
 F = Levels seen in this place.
 G = Mean time per level.
                   A        B        C        D        E       F      G
               +--------+--------+--------+--------+--------+-----+--------+
         Total |  10341 |  10198 |    143 |   1237 |   7128 |  10 | 1034.1 |
       Dungeon |   9891 |   9748 |    143 |   1237 |   6765 |   8 | 1236.4 |
        Temple |    138 |    138 |      0 |      0 |     90 |   1 |  138.0 |
         Sewer |    310 |    310 |      0 |      0 |    272 |   1 |  310.0 |
               +--------+--------+--------+--------+--------+-----+--------+

Top non-repeatable levels by time:
     D:4: 1501 daAuts
     D:1: 1477 daAuts
     D:5: 1468 daAuts
     D:2: 1359 daAuts
     D:6: 1224 daAuts
     D:8: 1223 daAuts
     D:7: 1020 daAuts
     D:3: 616 daAuts
   Sewer: 310 daAuts
  Temple: 138 daAuts
